Map: Ulrena

Players

rocknrolla - Winner!

  • Race: Terran Terran
  • League: Silver

pupu

  • Race: Protoss Protoss
  • League: Silver

VOD

Have the link to the VOD?

Description

Time

  • Played on: April 5, 2016, 12:39 p.m.
  • Length: 17:38
Show
View Real Time Build Order
Export as new Build Order

rocknrolla Terran - Winner!

Build Orders:  

Get SALT Encoding   

  12  0:10  SCV  
  13  0:16  Supply Depot  
  13  0:22  SCV  
  14  0:34  SCV  
  15  0:40  Barracks  
  15  0:47  SCV  
  16  0:54  Barracks  
  16  0:59  SCV  
  17  1:06  Supply Depot  
  17  1:13  SCV  
  18  1:25  SCV  
  19  1:33  Marine  
  20  1:42  Refinery  
  20  1:49  Marine  
  20  1:50  Marine  
  22  2:06  Command Center  
  22  2:07  Marine  
  23  2:08  Marine  
  24  2:21  Supply Depot  
  24  2:24  Marine  
  24  2:26  Marine  
  26  2:31  SCV  
  26  2:36  Refinery  
  27  2:42  Marine  
  27  2:43  SCV  
  27  2:44  Marine  
  30  2:55  SCV  
  31  3:00  Marine  
  31  3:02  Factory, Marine  
  31  3:44  SCV  
  31  3:46  Factory Tech Lab  
  32  3:50  Starport  
  32  3:56  SCV  
  33  4:09  Widow Mine  
  33  4:10  Marine  
  33  4:11  Marine  
  37  4:23  Orbital Command  
  37  4:28  Marine x2  
  37  4:29  SCV  
  37  4:30  Liberator  
  40  4:37  Engineering Bay  
  40  4:38  Widow Mine  
  40  4:41  SCV  
  46  4:53  SCV  
  47  5:05  Missile Turret  
  47  5:06  Planetary Fortress  
  47  5:12  Missile Turret  
  47  5:16  Marine  
  48  5:24  Marine  
  49  5:34  Marine  
  50  5:41  Siege Tank  
  53  5:44  SCV  
  54  6:00  SCV  
  52  6:10  Marine x2  
  52  6:12  SCV  
  53  6:20  Supply Depot  
  53  6:21  Supply Depot x2  
  53  6:25  SCV  
  54  6:41  Marine x2, Siege Tank, SCV  
  60  6:50  Medivac  
  60  6:53  SCV  
  63  6:56  Starport  
  63  6:59  Marine x2  
  65  7:05  SCV  
  66  7:12  Liberator  
  63  7:17  Marine  
  49  7:32  Siege Tank  
  49  7:33  Marine  
  49  7:34  Marine  
  54  7:42  Liberator  
  52  7:48  SCV  
  52  7:51  Marine  
  52  7:52  Marine  
  53  8:00  SCV  
  57  8:07  Barracks  
  57  8:08  Marine  
  57  8:20  Medivac  
  57  8:26  Marine  
  60  8:29  Barracks  
  60  8:34  Siege Tank, Missile Turret  
  63  8:42  Refinery  
  63  8:43  Refinery  
  63  8:44  Marine  
  63  8:46  Missile Turret  
  64  8:55  Missile Turret  
  64  9:02  Barracks, Marine  
  65  9:03  Barracks  
  65  9:06  Marine  
  65  9:07  Supply Depot  
  66  9:20  Marine  
  66  9:24  Marine  
  68  9:25  Barracks Tech Lab  
  68  9:30  Starport Tech Lab  
  68  9:31  Starport Tech Lab  
  68  9:37  Marine  
  63  9:41  Marine  
  60  9:53  Siege Tank  
  60  9:55  Marauder, Marine  
  60  9:59  Marine  
  67  10:00  Barracks Tech Lab  
  67  10:05  Terran Infantry Weapons Level 1  
  67  10:06  Combat Shields  
  67  10:13  Marine, SCV  
  69  10:16  Marine  
  69  10:17  Marine  
  69  10:21  Marauder  
  73  10:23  Barracks Tech Lab  
  73  10:25  SCV  
  73  10:26  Supply Depot  
  74  10:31  Marine  
  74  10:34  Marine  
  74  10:35  Marine  
  77  10:37  SCV  
  77  10:42  Marauder  
  80  10:45  Marauder  
  80  10:48  Banshee  
  80  10:49  Marine, Banshee, SCV  
  90  10:53  Marine  
  91  10:59  Marine  
  91  11:01  SCV  
  93  11:05  Concussive Shells, Marine  
  93  11:07  Cloaking Field  
  94  11:14  Supply Depot  
  94  11:15  Missile Turret  
  94  11:17  Supply Depot, Missile Turret  
  94  11:34  Missile Turret  
  94  11:36  Marauder, Marine x4, SCV  
  94  11:38  Banshee x2  
  94  11:39  Missile Turret  
  107  11:41  Missile Turret  
  107  11:45  Supply Depot  
  107  11:46  Supply Depot  
  107  11:50  Command Center  
  107  11:57  Marine  
  107  11:59  Terran Infantry Armor Level 1  
  108  12:21  Medivac x2  
  112  12:41  Liberator  
  112  12:44  Liberator  
  112  12:54  Marauder x2  
  112  12:55  Marauder, Marine x2  
  112  12:57  Siege Tank  
  126  13:13  Marine x2  
  126  13:15  Marauder, Marine  
  126  13:16  Marine  
  123  13:47  Siege Tank  
  126  13:52  Orbital Command  
  126  14:11  Marauder, Marine  
  126  14:12  Marauder, Marine x2  
  126  14:15  Banshee x2  
  139  14:27  Supply Depot  
  139  14:29  Supply Depot, Marine x2  
  141  14:41  Orbital Command  
  141  14:48  Marine x3  
  141  14:49  Siege Tank  
  147  14:58  Raven x2  
  151  15:08  Armory  
  151  15:26  Marauder x2, Marine x2  
  157  15:38  Supply Depot  
  157  15:42  Supply Depot  
  157  15:59  Marine  
  157  16:00  Marauder x2  
  162  16:19  Refinery  
  162  16:23  Refinery  
  159  17:11  Marauder x3  
  159  17:12  Marine x2  
Show
View Real Time Build Order
Export as new Build Order

pupu Protoss 

Build Orders:  

Get SALT Encoding   

  12  0:00  Probe (Chrono Boost)  
  13  0:11  Probe (Chrono Boost)  
  14  0:19  Pylon  
  14  0:22  Probe (Chrono Boost)  
  15  0:37  Probe (Chrono Boost)  
  15  0:38  Gateway  
  16  0:47  Probe (Chrono Boost)  
  17  0:51  Assimilator  
  17  0:58  Probe (Chrono Boost)  
  17  1:03  Gateway  
  18  1:08  Probe (Chrono Boost)  
  19  1:12  Assimilator  
  19  1:19  Probe (Chrono Boost)  
  20  1:29  Cybernetics Core  
  20  1:36  Probe (Chrono Boost)  
  21  1:42  Pylon  
  22  1:47  Probe (Chrono Boost)  
  22  2:05  Mothership Core (Chrono Boost)  
  22  2:07  Stalker x2  
  28  2:13  Warp Gate (Chrono Boost)  
  28  2:19  Pylon  
  28  2:24  Probe (Chrono Boost)  
  29  2:37  Adept x2  
  33  3:29  Probe  
  34  3:41  Probe  
  35  3:43  Nexus  
  35  3:46  Pylon  
  35  3:47  Pylon  
  39  3:56  Robotics Facility  
  37  4:07  Probe  
  36  4:19  Gateway  
  36  4:20  Gateway  
  36  4:23  Gateway  
  36  4:24  Probe  
  36  4:25  Pylon  
  36  4:26  Zealot x2  
  41  4:44  Probe  
  42  4:49  Immortal  
  46  4:54  Probe  
  46  4:56  Probe  
  48  5:05  Probe  
  49  5:08  Probe  
  50  5:14  Twilight Council  
  50  5:22  Forge  
  50  5:26  Pylon  
  50  5:30  Zealot  
  50  5:31  Zealot, Pylon  
  53  5:43  Observer (Chrono Boost)  
  53  5:50  Stalker x2  
  57  5:58  Photon Cannon  
  51  6:21  Stalker  
  51  6:22  Stalker x3  
  51  6:23  Stalker  
  61  6:45  Blink (Chrono Boost)  
  61  6:48  Immortal  
  65  6:57  Zealot x4  
  65  6:58  Zealot  
  65  7:01  Probe  
  75  7:02  Probe  
  60  7:33  Zealot x4  
  60  7:34  Zealot  
  70  7:42  Immortal  
  62  8:21  Observer  
  62  8:25  Stalker  
  62  8:26  Stalker x4  
  73  8:39  Probe  
  73  8:40  Probe  
  75  8:45  Assimilator  
  75  8:48  Charge (Chrono Boost), Assimilator  
  75  8:49  Immortal  
  75  8:53  Probe, Stalker x5  
  90  9:01  Protoss Ground Weapons Level 1 (Chrono Boost)  
  90  9:05  Probe  
  90  9:06  Probe  
  92  9:18  Probe x2  
  54  9:57  Mothership Core  
  56  10:05  Probe  
  56  10:06  Stalker  
  56  10:07  Stalker x4  
  67  10:17  Probe  
  67  10:18  Probe  
  69  10:25  Stargate  
  69  10:28  Stargate  
  69  10:29  Probe  
  69  10:30  Probe, Stalker x2  
  69  10:31  Stalker x2  
  79  10:50  Pylon  
  79  10:53  Observer  
  80  11:05  Nexus  
  80  11:06  Probe  
  80  11:07  Probe  
  82  11:13  Phoenix (Chrono Boost)  
  82  11:14  Immortal  
  88  11:19  Phoenix (Chrono Boost)  
  90  11:27  Protoss Shields Level 1  
  90  11:30  Probe x2  
  92  11:39  Gateway  
  89  11:47  Probe x2  
  90  11:55  Void Ray (Chrono Boost)  
  94  12:03  Void Ray (Chrono Boost)  
  98  12:11  Pylon  
  98  12:29  Immortal  
  102  12:36  Void Ray (Chrono Boost)  
  106  12:38  Probe x2  
  108  12:49  Stalker x2  
  108  12:50  Probe, Assimilator  
  113  12:52  Sentry x2, Assimilator  
  117  13:09  Observer (Chrono Boost)  
  109  13:20  Probe  
  109  13:21  Probe  
  109  13:22  Probe  
  110  13:29  Void Ray  
  110  13:31  Void Ray  
  110  13:34  Probe x2  
  117  13:51  Protoss Air Weapons Level 1 (Chrono Boost)  
  117  14:00  Zealot x3  
  117  14:01  Zealot  
  125  14:32  Pylon  
  125  14:35  Pylon  
  125  14:37  Pylon  
  125  14:38  Pylon  
  125  14:41  Pylon  
  125  14:42  Pylon  
  125  14:45  Void Ray  
  125  14:47  Void Ray  
  125  14:50  Probe x3  
  132  14:58  Stalker  
  132  14:59  Stalker x4  
  146  15:01  Zealot  
  146  15:03  Probe x2  
  150  15:33  Zealot x6  
  162  15:38  Void Ray  
  162  15:39  Immortal  
  170  16:00  Pylon  
  170  16:03  Nexus  
  170  16:05  Assimilator  
  170  16:09  Pylon  
  170  16:11  Probe  
  170  16:12  Probe, Void Ray, Assimilator  
  176  16:18  Zealot x2  
  180  16:29  Dark Shrine  
  180  16:31  Pylon  
  179  16:34  Pylon  
  179  16:51  Zealot x2  
  179  16:52  Zealot x3  
Tags
 
Add a new tag
Caveats
  • Supply blocks, unpowered buildings, or Contaminate may cause inaccurate times.
  • Supply counts are checked every 10 seconds.